 Dungeon Crawl Stone Soup version 0.22.1-6-g1668fe2 (webtiles) character file.

102 doot the Slasher (level 4, 0/33 HPs)
             Began as a Vampire Gladiator on Jan 21, 2019.
             Slain by an adder (2 damage)
             ... on level 3 of the Dungeon.
             The game lasted 00:01:54 (1366 turns).

doot the Slasher (Vampire Gladiator)                Turns: 1366, Time: 00:01:55

Health: 0/33       AC:  6    Str: 13    XL:     4   Next: 50%
Magic:  4/4        EV: 14    Int: 11    God:
Gold:   88         SH:  0    Dex: 15    Spells: 3/3 levels left

rFire    . . .     SeeInvis +   a - +0 long sword
rCold    . . .     Gourm    .   (no shield)
rNeg     + . .     Faith    .   r - +0 steam dragon scales
rPois    .         Spirit   .   c - +0 helmet
rElec    .         Reflect  .   (no cloak)
rCorr    .         Harm     .   (no gloves)
MR       .....                  (no boots)
Stlth    ++........             (no amulet)
HPRegen  0.11/turn              (no ring)
MPRegen  0.09/turn              (no ring)

@: lethally poisoned (0 -> -8)
A: fangs 3, see invisible, unbreathing
a: Bat Form


You were on level 3 of the Dungeon.
You were not thirsty.

You visited 1 branch of the dungeon, and saw 3 of its levels.

You collected 88 gold pieces.

Inventory:

Hand Weapons
 a - a +0 long sword (weapon)
Missiles
 d - 3 throwing nets (quivered)
Armour
 b - a +0 leather armour
 c - a +0 helmet (worn)
 r - +0 steam dragon scales (worn)
Scrolls
 f - 3 scrolls of fog {unknown}
 i - 2 scrolls of remove curse {unknown}
 j - a scroll of magic mapping {unknown}
 k - 2 scrolls of identify {unknown}
 m - a scroll of noise {unknown}
 q - 2 scrolls of teleportation {unknown}
 t - a scroll of blinking {unknown}
Potions
 g - a potion of mutation {unknown}
 h - a potion of resistance {unknown}
 l - a potion of lignification {unknown}
 n - 2 potions of curing {unknown}
 o - a potion of cancellation {unknown}
 p - 2 potions of degeneration {unknown}
 s - a potion of invisibility {unknown}
 u - a potion of haste {unknown}
 v - a potion of heal wounds {unknown}


   Skills:
 + Level 2.2 Fighting
 + Level 4.1 Long Blades
 + Level 1.6 Throwing
 + Level 1.1 Armour
 + Level 3.9 Dodging
 + Level 0.7 Stealth


You had 3 spell levels left.
You didn't know any spells.
Your spell library was empty.

Dungeon Overview and Level Annotations

Branches:
Dungeon (3/15)

Altars:
Elyvilon


Innate Abilities, Weirdness & Mutations

You have razor-sharp teeth.
You have supernaturally acute eyesight. (SInv)
You can survive without breathing.


Message History

* * * LOW HITPOINT WARNING * * *
You are more poisoned.
The adder poisons you!
You miss the adder.
* * * LOW HITPOINT WARNING * * *
You feel sick. The adder bites you but does no damage.
The adder closely misses you.
You riposte.
You closely miss the adder. You closely miss the adder.
* * * LOW HITPOINT WARNING * * *
You feel sick. The adder barely misses you.
You riposte.
You miss the adder. You barely miss the adder.
* * * LOW HITPOINT WARNING * * *
You feel sick. The adder bites you but does no damage.
The adder closely misses you.
You riposte.
You slash the adder!
The adder is almost dead.
You miss the adder.
The adder is almost dead.
* * * LOW HITPOINT WARNING * * *
You feel sick. The adder bites you.
You die...

#.# .....#.#
....#.# #...#.#
##...#†# #....#.#
#....#.#
#...>#.############
#........gS@......#
#....#.##########.#
##.#.#... #
#.#..... #.#.#####
#.... #.... #....


You could see an adder and a goblin.

Vanquished Creatures
  3 adders (D:2)
  An ooze (D:2)
  3 worms (D:2)
  2 dart slugs (D:1)
  3 leopard geckos
  A ball python (D:1)
  3 giant cockroaches (D:2)
  4 hobgoblins
  7 jackals
  7 kobolds
  8 bats
  2 frilled lizards (D:1)
  7 goblins
  5 rats
56 creatures vanquished.

Vanquished Creatures (others)
  A frilled lizard (D:2)
1 creature vanquished.

Grand Total: 57 creatures vanquished

Notes
Turn   | Place    | Note
-------+----------+-------------------------------------------
     0 | D:1      | doot the Vampire Gladiator began the quest for the Orb.
     0 | D:1      | Reached XP level 1. HP: 16/16 MP: 1/1
   119 | D:1      | Reached XP level 2. HP: 22/22 MP: 2/2
   414 | D:2      | Reached XP level 3. HP: 25/27 MP: 3/3
   803 | D:2      | Found a white marble altar of Elyvilon.
  1035 | D:2      | Reached XP level 4. HP: 33/33 MP: 4/4
  1048 | D:2      | Reached skill level 4 in Long Blades
  1048 | D:2      | Reached skill level 1 in Armour
  1366 | D:3      | Slain by an adder

Skill      XL: |  1  2  3  4 |
---------------+-------------+-----
Fighting       | 2 |  2.2
Long Blades    | 4 |  4.1
Armour         | 1 |  1.1
Throwing       | |  1.6
Dodging        | |  3.9
Stealth        | |  0.7

Action                   |  1- 3 |  4- 6 || total
-------------------------+-------+-------++-------
Melee: Long sword        |   105 |    51 ||   156
       Bite              |    14 |     3 ||    17
  Use: Potion            |     1 |     4 ||     5
 Stab: Sleeping          |     2 |       ||     2
Armor: Leather armour    |    34 |       ||    34
       Steam dragon scal |     3 |    26 ||    29
Dodge: Dodged            |    85 |    60 ||   145
       Rpst.: Long sword |    27 |    15 ||    42
